 Seeded DCSS version 0.29.1-12-g30fa7ad0bf (webtiles) character file.

Game seed: 13909063794444404412 (custom seed)

16191 sanboga the Severer (level 12, -5/110 HPs)
             Began as a Minotaur Berserker on Jan 13, 2023.
             Was a High Priest of Trog.
             Slain by a nine-headed hydra (8 damage)
             ... on level 10 of the Dungeon.
             The game lasted 00:17:09 (13432 turns).

sanboga the Severer (Minotaur Berserker)           Turns: 13432, Time: 00:17:09

Health: -5/110     AC: 20    Str: 28    XL:     12   Next: 7%
Magic:  0/11       EV:  8    Int:  4    God:    Trog [*****.]
Gold:   650        SH:  0    Dex: 13    Spells: 11/11 levels left

rFire   + . .      SeeInvis .   B - +0 battleaxe
rCold   + + +      Faith    .   (shield currently unavailable)
rNeg    . . .      Spirit   +   C - +0 plate armour {rF+}
rPois   .          Reflect  .   (helmet restricted)
rElec   .          Harm     .   h - scarf {repulsion}
rCorr   .          Rampage  +   s - +2 pair of gloves of Peev {Str+4}
Will    .....                   q - +1 pair of boots {rampage}
Stlth   ..........              c - amulet "Qichaut" {Spirit rC+++ Str-4 Dex+4}
HPRegen 0.28/turn               (no ring)
MPRegen 0.12/turn               (no ring)

@: repel missiles
A: horns 2, retaliatory headbutt
a: Renounce Religion, Berserk, Trog's Hand, Brothers in Arms


You were on level 10 of the Dungeon.
You worshipped Trog.
Trog was extremely pleased with you.
You visited 1 branch of the dungeon, and saw 11 of its levels.
You also visited: Ossuary and Bailey.

You collected 947 gold pieces.
You spent 297 gold pieces at shops.

Inventory:

Hand Weapons
 b - a +7 executioner's axe of flaming
 B - a +0 battleaxe (weapon)
Armour
 h - a scarf of repulsion (worn)
 q - a +1 pair of boots of rampaging (worn)
 s - the +2 pair of gloves of Peev (worn) {Str+4}
   (You bought it in a shop on level 2 of the Dungeon)

   Str:       It affects your strength (+4).
 C - a +0 plate armour of fire resistance (worn)
Jewellery
 c - the amulet "Qichaut" (around neck) {Spirit rC+++ Str-4 Dex+4}
   (You acquired it on level 7 of the Dungeon)

   [amulet of guardian spirit]

   It causes incoming damage to be divided between your reserves of health and
   magic.
   Str:       It affects your strength (-4).
   Dex:       It affects your dexterity (+4).
   rC:        It renders you almost immune to cold.
Wands
 e - a wand of paralysis (9)
 n - a wand of flame (38)
 r - a wand of light (13)
 A - a wand of roots (20)
 D - a wand of mindburst (27)
Scrolls
 a - 2 scrolls of silence
 f - 5 scrolls of teleportation
 i - a scroll of torment {unknown}
 o - 2 scrolls of immolation {unknown}
 p - a scroll of magic mapping
 t - a scroll of poison {unknown}
 u - 4 scrolls of enchant armour
 w - a scroll of fog {unknown}
 y - 4 scrolls of fear
 E - a scroll of brand weapon {unknown}
 F - a scroll of identify
Potions
 d - 3 potions of might
 g - 13 potions of curing
 j - 5 potions of heal wounds
 k - a potion of magic {unknown}
 l - 2 potions of cancellation {unknown}
 m - 3 potions of mutation
 v - 5 potions of ambrosia
 x - 2 potions of resistance {unknown}
 z - 4 potions of degeneration {unknown}


   Skills:
 + Level 11.0 Fighting
 * Level 19.2 Axes
 + Level 10.6 Armour
 - Level 2.1 Dodging


You had 11 spell levels left.
You didn't know any spells.
Your spell library was empty.

Dungeon Overview and Level Annotations

Branches:
Dungeon (11/15)            Temple (0/1) D:6         Ossuary (visited)
 Bailey (visited)
   Lair: D:8-11         Orc: D:9-12

Altars:
Kikubaaqudgha
Makhleb
Sif Muna
Xom

Shops:
D:2 *   D:9 [


Innate Abilities, Weirdness & Mutations

You have a pair of horns on your head.
You reflexively headbutt those who attack you in melee.


Message History

A seven-headed hydra comes into view.
The orc wizard hits you but does no damage.
The yak gores you but does no damage. x2
You hit the yak but do no damage. You headbutt the yak.
You kill the yak!
Trog accepts your kill.
You slice the yak!!
You kill the yak!
Trog accepts your kill.
You hit the orc wizard but do no damage.
You slice the orc wizard!!
You kill the orc wizard!
Trog accepts your kill.
Trog appreciates your killing of a magic user.
You barely miss the seven-headed hydra.
You hack one of the seven-headed hydra's heads off!
The six-headed hydra grows two more!
You slice the eight-headed hydra!!
The eight-headed hydra is heavily wounded.
The eight-headed hydra bites you.
The eight-headed hydra barely misses you.
The eight-headed hydra bites you!
The eight-headed hydra bites you but does no damage. x5
You chop one of the eight-headed hydra's heads off!
The seven-headed hydra grows two more!
You slash the nine-headed hydra! You headbutt the nine-headed hydra!
The nine-headed hydra is severely wounded.
The nine-headed hydra bites you!
The nine-headed hydra bites you but does no damage. x2
The nine-headed hydra bites you!
* * * LOW HITPOINT WARNING * * *
The nine-headed hydra bites you!
* * * LOW HITPOINT WARNING * * *
The nine-headed hydra bites you!
* * * LOW HITPOINT WARNING * * *
The nine-headed hydra bites you!
* * * LOW HITPOINT WARNING * * *
The nine-headed hydra bites you.
* * * LOW HITPOINT WARNING * * *
The nine-headed hydra bites you!
You die...

........................#
......#.................#
#####..#..#######.......#
##..(## .##......# ##.##
..##.....# ### ..##....#
#######..#....# .#
.#....(#D.#....#
W..#...(.)@#.#....#
#..#.....#..#....#
#..#######).#....#
#..#.#.#..##...>#
#.......##.....#
##.....##......#########
#####
###†###........<.......
...)## ##..##
##............... ..#..##
##.### ##..............


You could see a nine-headed hydra.

Vanquished Creatures
  A boulder beetle (D:9)
  An orc high priest (Bailey)
  An orc knight (Bailey)
  An ugly thing (D:9)
  3 cyclopes (D:10)
  3 manticores (D:9)
  A gargoyle (D:10)
  A kobold demonologist (Bailey)
  2 freezing wraiths
  A troll (D:10)
  A hornet (D:9)
  2 wraiths
  11 yaks
  A shadow (D:9)
  A wyvern (D:10)
  2 vampire mosquitoes (D:6)
  Menkaure (D:4)
  A water moccasin (D:8)
  A hornet zombie (Ossuary)
  2 ice beasts
  3 ogres
  12 orc warriors
  3 centaurs
  2 phantoms
  6 bullfrogs
  A kobold brigand (D:8)
  3 necrophages
  2 wyvern zombies (Ossuary)
  3 water moccasin zombies (Ossuary)
  3 scorpions
  3 wights (D:10)
  6 killer bees
  5 electric eels
  7 howler monkeys
  4 centaur zombies (Ossuary)
  5 crimson imps
  3 bullfrog zombies (Ossuary)
  4 hounds
  6 jellies
  5 orc priests
  4 iguanas
  Natasha (thrice) (D:2)
  9 orc wizards
  5 killer bee zombies (Ossuary)
  12 mummies (Ossuary)
  A howler monkey zombie (Ossuary)
  17 gnolls
  10 adders
  4 ufetubi
  3 worms (D:2)
  2 dart slugs (D:1)
  35 orcs
  9 ball pythons
  10 bats
  9 endoplasms
  3 giant cockroaches
  13 goblins
  7 hobgoblins
  2 jackals (D:4)
  2 quokkas
  2 frilled lizards
  18 kobolds
  10 rats
314 creatures vanquished.

Vanquished Creatures (others)
  A gnoll (Bailey)
  A plant (D:3)
  7 withered plants (Ossuary)
9 creatures vanquished.

Grand Total: 323 creatures vanquished

Notes
Turn   | Place    | Note
-------+----------+-------------------------------------------
     0 | D:1      | sanboga the Minotaur Berserker began the quest for the Orb.
     0 | D:1      | Reached XP level 1. HP: 19/19 MP: 0/0
   166 | D:1      | Reached skill level 4 in Axes
   166 | D:1      | Reached XP level 2. HP: 17/27 MP: 1/1
   792 | D:1      | Reached XP level 3. HP: 28/33 MP: 2/2
   849 | D:1      | Reached ** piety under Trog
  1226 | D:2      | Found Ucliamep's Assorted Antiques.
  1252 | D:2      | Bought a bubbling clear potion for 21 gold pieces
  1252 | D:2      | Bought a scroll labelled RASTEASOYB for 24 gold pieces
  1252 | D:2      | Bought a scroll labelled GAYGHAOTAKK for 24 gold pieces
  1738 | D:2      | Reached skill level 5 in Axes
  1738 | D:2      | Reached XP level 4. HP: 40/41 MP: 3/3
  1996 | D:2      | Noticed Natasha
  2016 | D:2      | Killed Natasha
  2057 | D:2      | Noticed Natasha
  2069 | D:2      | Killed Natasha
  2220 | D:2      | Reached XP level 5. HP: 45/47 MP: 4/4
  2321 | D:2      | Found a faded altar of an unknown god.
  2402 | D:2      | Noticed Natasha
  2417 | D:2      | Killed Natasha
  2562 | D:3      | Found a transporter.
  2590 | D:3      | Reached skill level 5 in Fighting
  2590 | D:3      | Reached skill level 6 in Axes
  2737 | D:3      | Found a transporter.
  2920 | D:3      | Reached XP level 6. HP: 56/56 MP: 5/5
  2930 | D:3      | Reached *** piety under Trog
  3072 | D:3      | Found an ancient bone altar of Kikubaaqudgha.
  3617 | D:4      | Found a sand-covered staircase.
  3660 | Ossuary  | Entered an ossuary
  3765 | Ossuary  | Reached skill level 7 in Axes
  3781 | Ossuary  | Reached XP level 7. HP: 48/62 MP: 6/6
  3798 | Ossuary  | Reached skill level 5 in Armour
  3971 | Ossuary  | Reached skill level 8 in Axes
  4084 | Ossuary  | Reached **** piety under Trog
  4329 | Ossuary  | Reached XP level 8. HP: 51/71 MP: 7/7
  4592 | Ossuary  | Reached skill level 9 in Axes
  4798 | D:4      | Noticed Menkaure
  4803 | D:4      | Killed Menkaure
  5243 | D:5      | Entered Level 5 of the Dungeon
  5260 | D:5      | Reached skill level 10 in Axes
  5904 | D:5      | Found a shimmering blue altar of Sif Muna.
  6154 | D:5      | Reached skill level 16 in Axes
  6154 | D:5      | Reached XP level 9. HP: 81/81 MP: 8/8
  6255 | D:6      | Found a staircase to the Ecumenical Temple.
  6289 | D:6      | Reached XP level 10. HP: 88/88 MP: 9/9
  7326 | D:7      | Reached skill level 17 in Axes
  7360 | D:7      | Found a flagged portal.
  7375 | Bailey   | Entered a bailey
  8024 | Bailey   | Noticed an orc knight
  8036 | Bailey   | Killed an orc knight
  8218 | Bailey   | Noticed an orc high priest
  8232 | Bailey   | Killed an orc high priest
  9007 | Bailey   | Found an iron altar of Okawaru.
  9014 | Bailey   | Noticed a soul eater
  9277 | D:7      | Reached XP level 11. HP: 97/97 MP: 10/10
  9472 | D:7      | Found a burning altar of Makhleb.
  9896 | D:7      | Acquired a +5 executioner's axe of flaming
  9898 | D:7      | Acquired the amulet "Qichaut" {Spirit rC+++ Str-4 Dex+4}
  9972 | D:8      | You fall into a shaft and drop 3 floors!
 10097 | D:10     | Entered Level 10 of the Dungeon
 10449 | D:8      | Reached ***** piety under Trog
 11140 | D:9      | Reached skill level 18 in Axes
 11228 | D:9      | Found a runed translucent door.
 11477 | D:9      | Reached skill level 10 in Fighting
 11862 | D:9      | Noticed a white ugly thing
 11873 | D:9      | Killed a white ugly thing
 11916 | D:9      | Noticed a boulder beetle
 11937 | D:9      | Killed a boulder beetle
 12112 | D:9      | Found a shimmering altar of Xom.
 12229 | D:9      | Reached skill level 10 in Armour
 12478 | D:9      | Found Haiq's Antique Armour Emporium.
 12632 | D:2      | Bought a pair of warped gloves for 228 gold pieces
 12632 | D:2      | Identified the +2 pair of gloves of Peev {Str+4} (You
                  | bought it in a shop on level 2 of the Dungeon)
 13229 | D:10     | Reached skill level 19 in Axes
 13421 | D:10     | Reached XP level 12. HP: 82/108 MP: 8/11
 13428 | D:10     | Noticed a seven-headed hydra
 13432 | D:10     | HP: 3/110 [nine-headed hydra (5)]
 13432 | D:10     | Slain by a nine-headed hydra

Illustrated notes

Levels and vault maps discovered:
D:1:      dpeg_arrival_three_same_balls, layout_loops_ring, serial_bayou_pond_d
D:2:      layout_basic, serial_shops, shop_coins, serial_aquarium,
          aquarium_bridge_square [aquarium_subvault_wall,
          aquarium_subvault_bridge, aquarium_subvault_balcony,
          aquarium_subvault_wall], aquarium_window_corridor_3,
          aquarium_window_2, aquarium_window_1, aquarium_window_fake,
          aquarium_view_2a, aquarium_view_2a, aquarium_pool_four,
          hellmonk_ecumenical_altar_defaced_shrine, uniq_natasha
D:3:      gammafunk_steamed_eel, layout_loops_cross,
          nicolae_kikubaaqudgha_miasma_corner, kennysheep_decorative_pillar,
          hangedman_abyss_or_decor_lesser_grid, kennysheep_nondescript
D:4:      layout_rooms, enter_ossuary_3, nicolae_concentric_dashed_squares_mild,
          uniq_menkaure
D:5:      layout_loops_ring, led_sif_pool, nicolae_figureground_pulse
D:6:      minmay_razor_zed, layout_basic, minmay_temple_entry_large_hall
D:7:      layout_loops_cross, makhleb_grotto_becter, enter_bailey_4, st_stairs_8
D:8:      layout_gridville
D:9:      layout_loops_ring, led_xom_imps, serial_shops, nicolae_shop_trees,
          kb_lookout_dungeons_type, minivault_13
D:10:     minmay_the_grid_octo_2x2 [minmay_the_grid_octo_pinwheel,
          minmay_the_grid_octo_fan_narrow, minmay_the_grid_octo_chip,
          minmay_the_grid_octo_prize_ultimate_mussel_roller], layout_cross
D:11:     layout_roguey, erik_lair_island, nicolae_wooded_promenade

Skill      XL: |  1  2  3  4  5  6  7  8  9 10 11 12 |
---------------+-------------------------------------+-----
Axes           | 4 5 6 7 8 16 17 19 | 19.2
Fighting       | 4 5 6 7 8 9 10 11 | 11.0
Armour         | 3 4 5 7 8 10 | 10.6
Dodging        | |  2.1

Action                   |  1- 3 |  4- 6 |  7- 9 | 10-12 || total
-------------------------+-------+-------+-------+-------++-------
Melee: Hand axe          |    98 |    80 |       |   496 ||   674
       Headbutt          |    11 |    26 |    41 |   122 ||   200
       War axe           |       |    62 |   192 |     4 ||   258
       Punch             |       |     1 |     1 |     8 ||    10
       Battleaxe         |       |       |       |   111 ||   111
Invok: Berserk           |       |     2 |     3 |    11 ||    16
Evoke: Wand              |       |     5 |       |       ||     5
  Use: Scroll            |     3 |       |     6 |    14 ||    23
       Potion            |       |       |     1 |       ||     1
Armor: Animal skin       |     6 |       |       |       ||     6
       Chain mail        |    34 |    90 |    80 |    75 ||   279
       Plate armour      |       |       |       |   172 ||   172
Dodge: Dodged            |    53 |    62 |    88 |   161 ||   364
       Repelled          |       |     1 |       |     5 ||     6
